 Dungeon Crawl Stone Soup version 0.20-a0-839-gdaf5c57 (webtiles) character file.

21947 dvd the Blocker (level 13, -1/104 HPs)
             Began as a Formicid Fighter on Mar 8, 2017.
             Was a Follower of Wu Jian.
             Killed from afar by an orc sorcerer (7 damage)
             ... with a bolt of negative energy
             ... on level 2 of the Orcish Mines.
             The game lasted 00:44:03 (14376 turns).

dvd the Blocker (Formicid Fighter)                 Turns: 14376, Time: 00:44:04

Health: -1/104     AC: 16    Str: 25    XL:     13   Next: 23%
Magic:  13/13      EV: 13    Int:  9    God:    Wu Jian [*.....]
Gold:   1422       SH: 14    Dex: 13    Spells: 12/12 levels left

rFire    . . .     SeeInvis +   a - +1 hand axe (venom)
rCold    + . .     Gourm    .   K - +3 scale mail
rNeg     + . .     Faith    .   c - +1 shield
rPois    .         Spirit   .   (helmet unavailable)
rElec    .         Reflect  .   F - +0 cloak of Zedgh {+Blink Str+3}
rCorr    .         Harm     .   (no gloves)
MR       ++...                  (no boots)
Stlth    ..........             (no amulet)
Regen    0.3/turn               w - ring of protection from magic
MPRegen  0.2/turn               m - ring of positive energy

@: drained
A: permanent stasis, dig shafts and tunnels, four strong arms, antennae 3,
rugged brown scales 1, thin metallic scales 1, cold resistance 1, sense
surroundings 1, shaggy fur 1, MP-powered wands
a: Dig, Shaft Self, Renounce Religion


You were on level 2 of the Orcish Mines.
You worshipped Wu Jian.
Wu Jian was aware of your devotion.
You were not hungry.

You visited 4 branches of the dungeon, and saw 16 of its levels.
You also visited: Sewer.

You collected 1602 gold pieces.
You spent 180 gold pieces at shops.

Inventory:

Hand Weapons
 a - a +1 hand axe of venom (weapon)
 b - a +0 whip of electrocution
 p - a +0 war axe
 z - a +0 halberd
 C - a +0 flail of draining
 E - a +2 scimitar of flaming
 M - a +1 glaive
 O - a +0 quarterstaff of freezing
Missiles
 x - 27 tomahawks (quivered)
 I - 2 javelins
Armour
 c - a +1 shield (worn)
 g - a +2 robe of magic resistance
 t - a +0 troll leather armour
 v - a +2 robe of fire resistance
 F - the +0 cloak of Zedgh (worn) {+Blink Str+3}
   (You bought it in a shop on level 5 of the Dungeon)

   It affects your strength (+3).
   It lets you blink.
 H - a +1 leather armour of poison resistance
 J - the -1 cloak of Uskayaw's Benevolence {rC+}
   (You found it on level 6 of the Dungeon)

   It protects you from cold.
 K - a +3 scale mail (worn)
 Q - a +2 leather armour of cold resistance
Magical Staves
 u - an uncursed staff of energy
Jewellery
 m - a ring of positive energy (left hand)
 w - a ring of protection from magic (right hand)
 N - an uncursed ring of ice
Wands
 i - a wand of polymorph (6/24)
 l - a wand of polymorph (8/24)
 n - a wand of flame (48/48)
 G - a wand of scattershot (6/9)
 P - a wand of digging (22/24)
 R - a wand of disintegration (7/24)
Scrolls
 h - 5 scrolls of remove curse
 o - 3 scrolls of magic mapping
 q - 2 scrolls of fog
 y - 4 scrolls of amnesia
 A - 5 scrolls of identify
 B - 2 scrolls of fear
 T - a scroll of recharging
Potions
 d - 3 potions of might
 e - 7 potions of flight
 j - 3 potions of ambrosia
 r - a potion of agility
 s - a potion of heal wounds
 L - 2 potions of curing
Comestibles
 f - 10 bread rations
 k - 5 fruits
 D - 5 meat rations
 S - 4 chunks of flesh


   Skills:
 + Level 9.1(8.5) Fighting
 + Level 12.3(11.8) Axes
 + Level 2.6(7.9) Maces & Flails
 + Level 4.8(4.3) Throwing
 + Level 9.3(8.8) Armour
 + Level 5.5(5.0) Dodging
 + Level 2.0(1.5) Stealth
 + Level 12.5(11.9) Shields


You had 12 spell levels left.
You didn't know any spells.

Dungeon Overview and Level Annotations

Branches:
Dungeon (12/15)            Temple (1/1) D:6            Lair (1/6) D:8
    Orc (2/2) D:10            Elf (0/3) Orc:2

Altars:
Ashenzari
Cheibriados
Dithmenos
Elyvilon
Fedhas
Gozag
Hepliaklqana
Kikubaaqudgha
Makhleb
Nemelex Xobeh
Okawaru
Qazlal
Ru
Sif Muna
Trog
Uskayaw
Vehumet
Wu Jian
Xom
Yredelemnul
Zin
The Shining One

Shops:
D:5 [   D:7 =   D:8 *   Orc:2 ?=?

Annotations:
D:12 Frances, Nergalle


Innate Abilities, Weirdness & Mutations

You cannot be hasted, slowed, berserked, paralysed or teleported.
You can dig through walls and to a lower floor.
Your four strong arms can wield two-handed weapons with a shield.
You have a pair of large antennae on your head. (SInv)
You are partially covered in rugged brown scales. (AC +1, +3% HP)
You are partially covered in thin metallic scales. (AC +2)
Your flesh is cold resistant. (rC+)
You passively map a small area around you.
You are covered in fur. (AC +1)
You expend magic power (3 MP) to strengthen your wands.


Message History

You hit the orc sorcerer.
The orc sorcerer looks as sick as possible!
The orc sorcerer is moderately wounded.
You block the orc sorcerer's attack.
You slash the orc sorcerer!
The orc sorcerer is severely wounded.
The orc sorcerer gestures at you while chanting.
The bolt of fire hits you!
* * * LOW HITPOINT WARNING * * *
You closely miss the orc sorcerer.
The orc sorcerer is almost dead.
You hit the orc sorcerer but do no damage.
The orc sorcerer is almost dead.
The orc sorcerer closely misses you.
You hit the orc sorcerer but do no damage.
The orc sorcerer looks as sick as possible!
The orc sorcerer is almost dead.
The orc sorcerer points at you and mumbles some strange words.
The bolt of negative energy hits you! You partially resist.
You feel drained.
You die...

, , .................# *
......$.........$....
......................
............)<(....... ,
,
............()........**
.............)........
...........$..........
..........(...$....... *
, ........@....^........
, ........o.............
,,
...................... ,
.......$......$.......
....................
...................
,..................#
...............#.. ,
............#...,


You could see an orc sorcerer.

Vanquished Creatures
  A stone giant (Orc:1)
  Fannar (D:11)
  4 two-headed ogres
  Erica (D:9)
  An orc high priest (Orc:1)
  4 skeletal warriors (D:9)
  2 orc knights (Orc:1)
  2 orc sorcerers (Orc:1)
  A cyclops (Orc:2)
  Maurice (D:9)
  The ghost of dvd the Stinger, a novice OpVM of Sif Muna (D:6)
  Joseph (D:7)
  A black mamba (Lair:1)
  4 trolls
  A hippogriff (D:8)
  A shadow (D:8)
  14 yaks
  2 hungry ghosts (D:10)
  Edmund (D:5)
  A water moccasin (D:7)
  4 wargs
  14 orc warriors
  2 black bears
  2 phantoms
  3 sky beasts
  An ice beast (D:8)
  A necrophage (D:11)
  7 ogres
  A centaur (D:5)
  4 big kobolds
  3 bullfrogs
  A wyvern zombie (D:8)
  7 scorpions
  A water moccasin skeleton (D:8)
  5 killer bees (D:7)
  5 howler monkeys
  3 wights (D:9)
  A bullfrog zombie (D:10)
  A crimson imp (D:5)
  A centaur zombie (D:6)
  A quasit (D:7)
  2 centaur skeletons
  7 hounds
  3 jellies
  2 bullfrog skeletons
  10 orc priests
  7 iguanas
  24 orc wizards
  A merfolk avatar (Sewer)
  10 worker ants
  A merfolk siren (Sewer)
  A hound skeleton (D:7)
  2 worker ant zombies
  7 gnolls
  3 river rats (Sewer)
  14 adders
  3 oozes
  2 worms
  8 leopard geckos
  43 orcs
  3 ball pythons (Sewer)
  7 giant cockroaches
  6 goblins
  5 hobgoblins
  8 jackals
  9 quokkas
  10 bats
  10 frilled lizards
  A jackal skeleton (D:4)
  18 kobolds
  A quokka skeleton (D:4)
  28 rats
  A fungus (D:5)
370 creatures vanquished.

Notes
Turn   | Place    | Note
-------+----------+-------------------------------------------
     0 | D:1      | dvd the Formicid Fighter began the quest for the Orb.
     0 | D:1      | Reached XP level 1. HP: 18/18 MP: 1/1
    88 | D:1      | Reached XP level 2. HP: 24/24 MP: 2/2
   619 | D:2      | Reached XP level 3. HP: 29/29 MP: 3/3
   764 | D:2      | Reached XP level 4. HP: 32/36 MP: 4/4
  1428 | D:3      | Reached skill level 5 in Shields
  1435 | D:3      | Reached XP level 5. HP: 22/42 MP: 5/5
  2479 | D:4      | Reached XP level 6. HP: 47/48 MP: 6/6
  2628 | D:4      | Found a glowing drain.
  2646 | Sewer    | Entered a sewer
  3142 | D:4      | Noticed an ogre
  3164 | D:4      | Killed an ogre
  3164 | D:4      | Reached XP level 7. HP: 33/54 MP: 7/7
  3633 | D:4      | Reached skill level 5 in Armour
  3704 | D:4      | Reached skill level 5 in Axes
  3907 | D:4      | Reached skill level 1 in Dodging
  3976 | D:4      | Reached XP level 8. HP: 58/60 MP: 8/8
  4076 | D:5      | Entered Level 5 of the Dungeon
  4085 | D:5      | Found Quag's Antique Armour Shoppe.
  4093 | D:5      | Bought a crude cloak for 180 gold pieces
  4112 | D:5      | Identified the +0 cloak of Zedgh {+Blink Str+3} (You bought it in a shop on level 5 of the Dungeon)
  4156 | D:5      | Noticed Edmund
  4177 | D:5      | Killed Edmund
  4312 | D:5      | Reached skill level 1 in Throwing
  4487 | D:5      | Found a hazy altar of Hepliaklqana.
  4989 | D:6      | Reached XP level 9. HP: 49/66 MP: 9/9
  5091 | D:6      | Noticed dvd's ghost (novice OpVM)
  5108 | D:6      | Killed dvd's ghost
  5415 | D:6      | Got a jewelled cloak
  5426 | D:6      | Identified the -1 cloak of Uskayaw's Benevolence {rC+} (You found it on level 6 of the Dungeon)
  5452 | D:6      | Reached skill level 5 in Fighting
  5474 | D:6      | Found a staircase to the Ecumenical Temple.
  5480 | Temple   | Entered the Ecumenical Temple
  6057 | D:7      | Found Duushex's Jewellery Shop.
  6446 | D:7      | Noticed Joseph
  6469 | D:7      | You fall through a shaft!
  6774 | D:7      | Reached XP level 10. HP: 67/74 MP: 10/10
  6960 | D:7      | Found a deep blue altar of Sif Muna.
  7092 | D:7      | Killed Joseph
  7667 | D:8      | Gained mutation: Your spells are a little easier to cast, but a little less powerful. [mutagenic meat]
  7668 | D:8      | Gained mutation: You passively map a small area around you. [mutagenic meat]
  7669 | D:8      | Gained mutation: You are agile. (Dex +2) [mutagenic meat]
  7670 | D:8      | Lost mutation: Your spells are a little easier to cast, but a little less powerful. [mutagenic meat]
  7671 | D:8      | Gained mutation: You are partially covered in rugged brown scales. (AC +1, +3% HP) [mutagenic meat]
  7830 | D:8      | Found a staircase to the Lair.
  7956 | D:8      | Found Zenem's Assorted Antiques.
  8403 | D:9      | Lost mutation: You are agile. (Dex +2) [potion of mutation]
  8403 | D:9      | Gained mutation: Your flesh is cold resistant. (rC+) [potion of mutation]
  8403 | D:9      | Gained mutation: You are frail. (-10% HP) [potion of mutation]
  8403 | D:9      | Gained mutation: You are covered in fur. (AC +1) [potion of mutation]
  8415 | D:9      | Reached XP level 11. HP: 68/77 MP: 11/11
  8549 | D:9      | Noticed Erica
  8561 | D:9      | Killed Erica
  8561 | D:9      | Reached skill level 10 in Axes
  8561 | D:9      | Reached skill level 10 in Shields
  8909 | D:9      | Noticed Maurice
  8921 | D:9      | Killed Maurice
  9082 | D:9      | Noticed a skeletal warrior
  9086 | D:9      | Noticed a skeletal warrior
  9089 | D:9      | Noticed a skeletal warrior
  9093 | D:9      | You fall through a shaft for 2 floors!
  9116 | D:11     | Gained mutation: You are partially covered in thin metallic scales. (AC +2) [mutagenic meat]
  9117 | D:11     | Gained mutation: You expend magic power (3 MP) to strengthen your wands. [mutagenic meat]
  9118 | D:11     | Lost mutation: You are frail. (-10% HP) [mutagenic meat]
  9187 | D:10     | Entered Level 10 of the Dungeon
  9189 | D:10     | Noticed Fannar
  9197 | D:10     | Noticed a two-headed ogre
  9230 | D:11     | Killed Fannar
  9262 | D:11     | Killed a two-headed ogre
  9424 | D:10     | Found a staircase to the Orcish Mines.
  9433 | D:10     | You fall through a shaft for 2 floors!
  9612 | D:12     | Noticed a brown ugly thing
  9616 | D:12     | Noticed Nergalle
  9617 | D:12     | Noticed Frances
  9802 | D:11     | Noticed a two-headed ogre
  9829 | D:11     | Killed a two-headed ogre
 10006 | D:10     | Reached XP level 12. HP: 85/94 MP: 12/12
 10218 | D:10     | Found a glowing golden altar of the Shining One.
 10382 | D:9      | Noticed a skeletal warrior
 10415 | D:9      | Killed a skeletal warrior
 10436 | D:9      | Killed a skeletal warrior
 10449 | D:9      | You fall through a shaft!
 11466 | D:9      | Reached skill level 1 in Stealth
 11496 | D:9      | Found an ornate altar of the Wu Jian Council.
 11501 | D:9      | Became a worshipper of the Wu Jian Council
 11566 | D:9      | Killed a skeletal warrior
 11777 | D:9      | Killed a skeletal warrior
 11777 | D:9      | Reached skill level 1 in Maces & Flails
 12050 | D:9      | Noticed a two-headed ogre
 12071 | D:9      | Killed a two-headed ogre
 12071 | D:9      | Reached skill level 5 in Dodging
 12278 | Lair:1   | Entered Level 1 of the Lair of Beasts
 12398 | Lair:1   | Noticed a four-headed hydra
 12695 | Orc:1    | Entered Level 1 of the Orcish Mines
 12958 | Orc:1    | Noticed a stone giant
 12991 | Orc:1    | Killed a stone giant
 13387 | Orc:1    | Noticed an orc high priest
 13398 | Orc:1    | Noticed a sixfirhy
 13401 | Orc:1    | Killed an orc high priest
 13558 | Orc:2    | Entered Level 2 of the Orcish Mines
 13562 | Orc:2    | Noticed a two-headed ogre
 13565 | Orc:2    | Noticed an ogre mage
 13567 | Orc:2    | Noticed a two-headed ogre
 13571 | Orc:2    | Noticed a two-headed ogre
 13571 | Orc:2    | Noticed a two-headed ogre
 13571 | Orc:2    | Noticed a two-headed ogre
 13605 | Orc:1    | Killed a two-headed ogre
 13605 | Orc:1    | Reached XP level 13. HP: 31/103 MP: 13/13
 13975 | Orc:2    | Found Cugog's Jewellery Boutique.
 13975 | Orc:2    | Found Gugemnic's Magic Scroll Boutique.
 13975 | Orc:2    | Found Peful's Magic Scroll Boutique.
 14029 | Orc:1    | Reached * piety under Wu Jian
 14376 | Orc:2    | Killed from afar by an orc sorcerer

Vault maps used:
D:1:      mrwooster_arrival_statue, minmay_tromino_v4_a
D:3:      kennysheep_generic_room_8
D:4:      portal_sewer_entry_d, corexii_corridor_pit
D:5:      old_forge, first_bread, serial_shops, shop, basic_altar, uniq_edmund
D:6:      temple_green
D:7:      kennysheep_orc_sif_temple, serial_shops, shop, uniq_joseph
D:8:      lair_entry_dummy, serial_shops, kennysheep_mini_moat, grunt_ogre_cave
D:9:      minmay_goldmine, kennysheep_little_box, uniq_erica, uniq_maurice
D:10:     erik_orc_4, basic_altar, uniq_fannar
D:11:     basic_loot_grate_trap, grunt_ministairs_7, grunt_qazlal_sundering
D:12:     minmay_four_partial_circles, uniq_frances, uniq_rupert, uniq_snorg,
          uniq_nergalle, uniq_azrael, uniq_harold, uniq_sonja
Temple:   dpeg_three_leaves_temple
Lair:1:   portal_ice_cave_rime
Orc:2:    grunt_orc_tribal_feast, serial_shops, shop, shop, shop,
          shop_fountains, shop
Sewer:    sewer_sea

Skill      XL: |  1  2  3  4  5  6  7  8  9 10 11 12 13 |
---------------+----------------------------------------+-----
Shields        | 4 5 6 7 8 9 11 12 | 12.5
Axes           | 3 4 5 6 8 9 11 12 | 12.3
Armour         | 4 5 6 7 8 9 |  9.3
Fighting       | 4 5 6 7 8 9 |  9.1
Dodging        | 1 2 3 4 5 |  5.5
Throwing       | 1 2 4 |  4.8
Stealth        | 1 2 |  2.0
Maces & Flails | 2 |  2.6

Action                   |  1- 3 |  4- 6 |  7- 9 | 10-12 | 13-15 || total
-------------------------+-------+-------+-------+-------+-------++-------
Melee: War axe           |    84 |       |       |       |       ||    84
       Hand axe          |     2 |   223 |   317 |   690 |    97 ||  1329
       Whip              |       |       |       |   163 |    23 ||   186
Throw: Tomahawk          |       |     3 |    11 |    74 |     2 ||    90
 Abil: Dig               |       |     1 |       |    13 |     2 ||    16
       Shaft Self        |       |       |     1 |     3 |       ||     4
  Use: Scroll            |       |       |     8 |     6 |       ||    14
       Potion            |       |       |     2 |     9 |     1 ||    12
  Eat: Chunk             |       |     8 |     8 |    27 |     3 ||    46
       Bread ration      |       |       |     1 |     1 |       ||     2
       Royal jelly       |       |       |     1 |     1 |       ||     2
Armor: Scale mail        |    33 |     8 |    54 |   143 |    20 ||   258
       Chain mail        |       |    85 |    20 |       |       ||   105
       Leather armour    |       |       |     1 |       |       ||     1
       Skin              |       |       |       |     5 |       ||     5
Dodge: Dodged            |    26 |    44 |    98 |   195 |    41 ||   404
Block: Shield            |    52 |    96 |   175 |   399 |    59 ||   781
